 Dungeon Crawl Stone Soup version 0.31-a0-1388-g4b2ba238e7 (webtiles) character file.

Game seed: 3402608678776886853

4256 Leszczynek the Basher (level 10, -1/159 HPs)
             Began as an Oni Wanderer on Dec 24, 2023.
             Was a Believer of Okawaru.
             Slain by Sonja
             ... wielding a +1 dagger of distortion
              (4 damage)
             ... on level 10 of the Dungeon.
             The game lasted 00:32:12 (5602 turns).

Leszczynek the Basher (Oni Wanderer)                Turns: 5602, Time: 00:32:13

Health: -1/159     AC:  6    Str: 16 (19) XL:     10   Next: 31%
Magic:  13/13      EV: 13    Int:  8 (10) God:    Okawaru [**....]
Gold:   428        SH:  0    Dex: 13 (14) Spells: 9/9 levels left

rFire   . . .        a - +3 flail (drain)
rCold   . . .        (no shield)
rNeg    . . .        d - +0 robe
rPois   .            q - +2 hat
rElec   .            s - +0 cloak
rCorr   .            (gloves unavailable)
SInv    .            (boots unavailable)
Will    ++...        (no amulet) Stlth
                     i - ring of willpower
HPRegen 0.46/turn    E - +4 ring of slaying
MPRegen 0.13/turn

%: no passive effects
@: berserking, heroic, very quick
A: large, unfitting armour, horns 1, tough skin 1, double potion healing,
drunken brawling
a: Renounce Religion, Heroism


You were on level 10 of the Dungeon.
You worshipped Okawaru.
Okawaru was pleased with you.
You visited 2 branches of the dungeon, and saw 11 of its levels.

You collected 500 gold pieces.
You spent 72 gold pieces at shops.

Inventory:

Hand Weapons
 a - a +3 flail of draining (weapon)
 c - a +0 giant club
 e - a +5 battleaxe of freezing
 x - a +3 sling
Missiles
 m - 3 curare-tipped darts
 D - 26 poisoned darts (quivered)
 G - 3 javelins
Armour
 d - a +0 robe (worn)
 q - a +2 hat (worn)
 s - a +0 cloak (worn)
 J - a +0 kite shield
Jewellery
 i - a ring of willpower (left hand)
 C - a ring of willpower
 E - a +4 ring of slaying (right hand)
 O - a ring of positive energy
Wands
 n - a wand of flame (21)
 I - a wand of mindburst (1)
 K - a wand of digging (6)
 M - a wand of roots (3)
Scrolls
 g - 2 scrolls of revelation
 j - 2 scrolls of noise {unknown}
 l - a scroll of fear {unknown}
 p - 2 scrolls of immolation {!r}
 u - 2 scrolls of enchant weapon
 w - a scroll of acquirement {unknown}
 y - a scroll of enchant armour {unknown}
 z - a scroll of butterflies {unknown}
 F - 4 scrolls of teleportation
 H - 2 scrolls of poison {unknown}
 N - 2 scrolls of fog {unknown}
Potions
 b - a potion of attraction
 h - 2 potions of might
 o - a potion of brilliance
 r - 2 potions of mutation {!q}
 t - a potion of berserk rage {!q}
 v - a potion of haste
 A - a potion of cancellation


   Skills:
 + Level 8.6(13.6) Fighting
 * Level 11.3(16.3) Maces & Flails
 - Level 3.7(8.7) Ranged Weapons
 - Level 4.0(9.0) Throwing
 - Level 4.0(9.0) Dodging
 + Level 4.2 Invocations


You had 9 spell levels left.
You didn't know any spells.
Your spell library contained the following spells:

 Spells                   Type           Power      Damage    Failure   Level
 Frozen Ramparts          Ice            0%         1d1       78%         3
 Inner Flame              Hex/Fire       0%         N/A       78%         3
 Sigil of Binding         Hex            0%         N/A       78%         3
 Dimensional Bullseye     Hex/Tloc       0%         N/A       99%         4
 Flame Wave               Conj/Fire      0%         2d4       99%         4
 Iskenderun's Mystic Bla  Conj/Tloc      0%         2d3       99%         4
 Leda's Liquefaction      Alch/Erth      0%         N/A       99%         4
 Petrify                  Alch/Erth      0%         N/A       99%         4
 Sticky Flame             Fire/Alch      0%         2d4       99%         4
 Metabolic Englaciation   Hex/Ice        0%         N/A       100%        5
 Call Canine Familiar     Summ           Unusable   N/A       N/A         3
 Tukima's Dance           Hex            Unusable   N/A       N/A         3

Dungeon Overview and Level Annotations

Branches:
Dungeon (10/15)            Temple (1/1) D:7            Lair (0/5) D:9
    Orc: D:9-12

Altars:
Ashenzari
Cheibriados
Dithmenos
Elyvilon
Fedhas
Gozag
Hepliaklqana
Kikubaaqudgha
Makhleb
Nemelex Xobeh
Okawaru
Qazlal
Ru
Sif Muna
Trog
Uskayaw
Vehumet
Wu Jian
Xom
Yredelemnul
Zin
The Shining One

Shops:
D:7 [

Annotations:
D:10 Sonja


Innate Abilities, Weirdness & Mutations

You are too large for most types of armour.
You have a pair of small horns on your head.
You have tough skin. (AC +1)
You gain doubled healing and magic from potions.
Whenever you drink a healing potion, you attack all around you.


Message History

You hear a shout!
Sonja hits you with a +1 dagger of distortion.
* * * LOW HITPOINT WARNING * * *
Space warps around you!
* * * LOW HITPOINT WARNING * * *
Sonja hits you with a +1 dagger of distortion.
* * * LOW HITPOINT WARNING * * *
Space warps horribly around you.
* * * LOW HITPOINT WARNING * * *
Sonja closely misses you. The orc hits you with a +0 flail.
* * * LOW HITPOINT WARNING * * *
Unknown command.
Blink to where?
Press: ? - help, Dir - move target, p - orc The roots lose their grip on something. x2
As you read the scroll of blinking, it crumbles to dust.
Sonja bows elegantly.
Sonja throws a curare-tipped dart.
The curare-tipped dart barely misses you.
It was a potion of degeneration.
There was something very wrong with that liquid.
You feel weakened.
You feel dopey.
You feel clumsy.
Blink to where?
Press: ? - help, Dir - move target
As you read the scroll of blinking, it crumbles to dust.
Okay, then.
Your magical effects are unravelling.
You feel magically purged.
You feel yourself speed up.
You feel yourself slow down.
Unknown command.
Unknown command.
A red film seems to cover your vision as you go berserk!
You feel yourself moving faster!
You feel mighty!
You completely miss Sonja. Your headbutt misses Sonja.
Sonja is lightly wounded.
Sonja hits you with a +1 dagger of distortion.
* * * LOW HITPOINT WARNING * * *
Space warps around you.
You die...
Sonja applauds herself.

.......# ......# ..
.....# ... ....# .!..
...#####+###....
..##...........
########+##.##...........
#.......@##.##...........
+.......K#.)K)o..).......
#...........##)..........
###+######.###...........
#.# #........... ######.#
#........... #......#
#........... #<.....#
##########.. #.####.# #.


You could see Sonja.

Vanquished Creatures
  An unseen horror (D:8)
  A hornet (D:8)
  Prince Ribbit (D:6)
  Sigmund (D:6)
  4 yaks (D:8)
  A water moccasin (D:7)
  2 ice beasts (D:8)
  3 orc warriors
  2 ogres
  2 centaurs
  A phantom (D:4)
  A kobold brigand (D:9)
  3 bullfrogs (D:7)
  3 scorpions
  4 wights (D:9)
  4 killer bees (D:9)
  5 howler monkeys
  A jelly (D:4)
  3 orc priests
  2 bombardier beetles (D:3)
  A gnoll bouda (D:9)
  A sleepcap (D:6)
  8 hounds
  Jessica (D:3)
  An iguana (D:5)
  4 orc wizards
  Terence (D:3)
  Robin (D:3)
  3 gnolls (D:9)
  8 adders
  A shadow imp (D:5)
  A white imp (D:5)
  2 ufetubi (D:5)
  A worm (D:3)
  2 dart slugs
  20 orcs
  3 endoplasms
  5 giant cockroaches
  12 goblins
  6 hobgoblins
  2 quokkas
  7 ball pythons
  4 bats
  2 frilled lizards (D:2)
  8 kobolds
  3 rats
153 creatures vanquished.

Notes
Turn   | Place    | Note
-------+----------+-------------------------------------------
     0 | D:1      | Leszczynek the Oni Wanderer began the quest for the Orb.
     0 | D:1      | Leszczynek set off with the following items: a +3 sling, a
                  | potion of attraction, a scroll of teleportation, a +0 robe.
     0 | D:1      | Reached XP level 1. HP: 22/22 MP: 1/1
    97 | D:1      | Reached skill level 3 in Fighting
   268 | D:1      | Reached XP level 2. HP: 31/31 MP: 2/2
   423 | D:1      | Reached skill level 4 in Fighting
   600 | D:2      | Found a faded altar of an unknown god.
   608 | D:2      | Reached skill level 1 in Maces & Flails
   608 | D:2      | Reached XP level 3. HP: 29/39 MP: 3/3
   609 | D:2      | Noticed a great orb of eyes
   610 | D:2      | Noticed a glass eye
   611 | D:2      | Noticed an eye of devastation
   611 | D:2      | Noticed an eye of devastation
   672 | D:2      | Identified the +8 chain mail of True Grit {rElec Will+}
   871 | D:3      | Reached skill level 2 in Maces & Flails
   871 | D:3      | Reached XP level 4. HP: 49/49 MP: 4/4
   919 | D:3      | Reached skill level 5 in Fighting
  1033 | D:3      | Noticed Terence
  1113 | D:3      | Reached skill level 3 in Maces & Flails
  1113 | D:3      | Reached XP level 5. HP: 46/57 MP: 5/5
  1306 | D:3      | Noticed Robin
  1329 | D:3      | Killed Robin
  1496 | D:3      | Noticed Jessica
  1509 | D:3      | Killed Terence
  1517 | D:3      | Killed Jessica
  1518 | D:3      | Reached skill level 4 in Maces & Flails
  1576 | D:3      | Reached XP level 6. HP: 62/66 MP: 6/6
  1801 | D:4      | Reached skill level 6 in Fighting
  1819 | D:4      | Identified the +0 ring mail of Lixzabic {rPois Stlth+}
  1881 | D:4      | Reached skill level 5 in Maces & Flails
  1971 | D:4      | Reached XP level 7. HP: 76/76 MP: 7/7
  2153 | D:5      | Entered Level 5 of the Dungeon
  2335 | D:5      | Reached skill level 7 in Fighting
  2335 | D:5      | Reached skill level 6 in Maces & Flails
  2783 | D:6      | Noticed Sigmund
  2919 | D:6      | Reached skill level 3 in Dodging
  2919 | D:6      | Reached XP level 8. HP: 81/87 MP: 8/8
  2926 | D:6      | Reached skill level 7 in Maces & Flails
  2986 | D:6      | Killed Sigmund
  3055 | D:6      | Noticed Prince Ribbit
  3063 | D:6      | Killed Prince Ribbit
  3064 | D:6      | Reached skill level 8 in Maces & Flails
  3064 | D:6      | Reached skill level 4 in Dodging
  3205 | D:7      | Reached skill level 1 in Throwing
  3269 | D:7      | Found a shimmering altar of Xom.
  3448 | D:7      | Reached skill level 2 in Throwing
  3478 | D:7      | Reached XP level 9. HP: 85/93 MP: 9/9
  3498 | D:7      | Reached skill level 9 in Maces & Flails
  3567 | D:7      | Found Ginaiss's Armour Boutique.
  3574 | D:7      | Found a radiant altar of Vehumet.
  3585 | D:7      | Bought a +0 kite shield for 72 gold pieces
  3668 | D:7      | Found a staircase to the Ecumenical Temple.
  3675 | Temple   | Entered the Ecumenical Temple
  3747 | Temple   | Became a worshipper of Warmaster Okawaru
  3915 | D:7      | Reached skill level 3 in Throwing
  4112 | D:8      | Reached * piety under Okawaru
  4113 | D:8      | Reached skill level 10 in Maces & Flails
  4113 | D:8      | Reached skill level 4 in Throwing
  4153 | D:8      | Noticed a hornet
  4159 | D:8      | Paralysed by a hornet for 2 turns
  4161 | D:8      | Killed a hornet
  4162 | D:8      | Reached skill level 1 in Invocations
  4382 | D:8      | Reached skill level 2 in Invocations
  4396 | D:8      | Found a burning altar of Makhleb.
  4405 | D:8      | Found a shimmering blue altar of Sif Muna.
  4484 | D:8      | Killed an unseen horror
  4484 | D:8      | Reached ** piety under Okawaru
  4485 | D:8      | Reached skill level 8 in Fighting
  4485 | D:8      | Reached skill level 3 in Invocations
  4485 | D:8      | Reached XP level 10. HP: 83/104 MP: 10/12
  4630 | D:8      | Found an ancient bone altar of Kikubaaqudgha.
  4679 | D:9      | Reached skill level 11 in Maces & Flails
  4824 | D:9      | HP: 24/154 [killer bee (7)]
  4829 | D:9      | HP: 13/156 [poisoned by a killer bee]
  4831 | D:9      | HP: 6/104 [poisoned by a killer bee]
  5128 | D:9      | Identified the +3 dagger "Tuishreag" {elec, *Noise Fly
                  | Will++ MP+9}
  5319 | D:9      | Found a staircase to the Lair.
  5386 | D:9      | Identified the orb "Luybrap" {*Rage, Will+}
  5433 | D:9      | Reached skill level 4 in Invocations
  5518 | D:10     | Entered Level 10 of the Dungeon
  5573 | D:10     | Noticed Sonja
  5596 | D:10     | HP: 18/106 [Sonja/+1 dagger of distortion (7)]
  5596 | D:10     | HP: 7/106 [Sonja/+1 dagger of distortion (6)]
  5596 | D:10     | HP: 1/106 [orc/+0 flail (6)]
  5602 | D:10     | HP: 3/159 [Sonja/+1 dagger of distortion (1)]
  5602 | D:10     | Slain by Sonja

Illustrated notes

Levels and vault maps discovered:
D:1:      tarquinn_simple_flora_water_c, layout_loops_ring, serial_forest,
          infiniplex_forest_straight_3, infiniplex_forest_clump_tiny,
          infiniplex_forest_straight_2, infiniplex_forest_lined_4_way,
          infiniplex_forest_clump_medium, infiniplex_forest_straight_2,
          infiniplex_forest_end_double, infiniplex_forest_clump_tiny,
          infiniplex_forest_fountain
D:2:      layout_rooms, hellmonk_ecumenical_altar_watching_god
D:3:      kennysheep_big_flooded_room, layout_loops_corners,
          minmay_crystal_water, minivault_23, uniq_robin, uniq_jessica,
          uniq_terence
D:4:      layout_loops_cross
D:5:      layout_loops_corners
D:6:      layout_loops_ring, chequers_serial_rivers_marsh,
          minmay_misc_feat_tiny, uniq_sigmund, uniq_prince_ribbit1
D:7:      layout_basic, vehumet_crystals, lemuel_crystal_altar, temple_statues,
          serial_shops, nicolae_shop_temple_entry_statues_fountains,
          hangedman_abyss_or_decor_stagger
D:8:      layout_basic, jmf_multi_god_temple2, kennysheep_mini
D:9:      layout_gridville, lair_entry_dummy, eino_jars
D:10:     layout_basic, serial_corexii_hall, corexii_hall_statues_s,
          corexii_hall_statues_deadend, corexii_hall_statues_u,
          corexii_hall_statues_s, ebering_ghost_xom, uniq_lodul, uniq_sonja
Temple:   minmay_temple_bridge_d

Skill      XL: |  1  2  3  4  5  6  7  8  9 10 |
---------------+-------------------------------+-----
Fighting       | 3 4 5 6 7 8 |  8.6
Maces & Flails | 1 2 3 4 5 6 8 10 11 | 11.3
Dodging        | 3 4 |  4.0
Throwing       | 2 4 |  4.0
Invocations    | 3 4 |  4.2
Ranged Weapons | |  3.7

Action                     |  1- 3 |  4- 6 |  7- 9 | 10-12 || total
---------------------------+-------+-------+-------+-------++-------
  Melee: Flail             |       |    36 |   131 |    59 ||   226
         Headbutt          |       |    11 |    33 |    13 ||    57
         Punch             |       |       |     2 |     2 ||     4
   Fire: Sling             |    69 |   109 |    22 |       ||   200
  Throw: Dart              |       |       |     2 |       ||     2
 Invoke: Heroism           |       |       |     1 |     3 ||     4
  Evoke: Wand              |     3 |       |     6 |     2 ||    11
    Use: Scroll            |       |       |     2 |    10 ||    12
         Potion            |       |       |       |     7 ||     7
   Stab: Distracted        |       |       |     1 |       ||     1
 Armour: Robe              |    17 |    60 |   108 |    68 ||   253
  Dodge: Dodged            |    12 |    37 |    57 |    53 ||   159

Table legend: (Time is in decaauts)
 A = Elapsed time spent in this place.
 B = Non-inter-level travel time spent in this place.
 C = Inter-level travel time spent in this place.
 D = Time resting spent in this place.
 E = Time spent auto-exploring this place.
 F = Levels seen in this place.
 G = Mean time per level.
                   A        B        C        D        E       F      G
               +--------+--------+--------+--------+--------+-----+--------+
         Total |   5660 |   5003 |    657 |    353 |     15 |  11 |  514.5 |
       Dungeon |   5516 |   5001 |    515 |    353 |     15 |  10 |  551.6 |
        Temple |    144 |      2 |    142 |      0 |      0 |   1 |  144.0 |
               +--------+--------+--------+--------+--------+-----+--------+

Top non-repeatable levels by time:
     D:9: 883 daAuts
     D:3: 882 daAuts
     D:8: 657 daAuts
     D:7: 653 daAuts
     D:5: 590 daAuts
     D:1: 528 daAuts
     D:4: 449 daAuts
     D:6: 424 daAuts
     D:2: 360 daAuts
  Temple: 144 daAuts
    D:10: 87 daAuts
